 Dungeon Sprint DCSS version 0.26-a0-651-gb41185065b (webtiles) character file.

Game seed: 6186963880791407489

0 sahdkjhfkaj the Conjurer (level 1, -1/11 HPs)
             Began as an Octopode Conjurer on Sept 28, 2020.
             Was an Initiate of Gozag.
             Slain by a kobold (3 damage)
             ... in the Dungeon (Sprint VI: "Thunderdome").
             The game lasted 00:00:48 (116 turns).

sahdkjhfkaj the Conjurer (Octopode Conjurer)         Turns: 116, Time: 00:00:48

Health: -1/11      AC:  1    Str:  6    XL:     1   Next: 20%
Magic:  2/3        EV: 13    Int: 20    God:    Gozag
Gold:   200        SH:  0    Dex: 10    Spells: 3/4 levels left

rFire    . . .     SeeInvis .   (no weapon)
rCold    . . .     Faith    .   (no shield)
rNeg     . . .     Spirit   .   (helmet restricted)
rPois    .         Reflect  .   (no amulet)
rElec    .         Harm     .   (no ring)
rCorr    .         Rampage  .   (no ring)
MR       .....     NoTele   +   (no ring)
Stlth    +++.......             (no ring)
HPRegen  0.03/turn              (no ring)
MPRegen  0.08/turn              (no ring)
                                (no ring)
                                (no ring)

@: no status effects
A: almost no armour, stealthy swim, amphibious, 8 rings, constrict 8, camouflage
1, gelatinous body 1
a: Potion Petition, Call Merchant, Bribe Branch, Renounce Religion


You were in the Dungeon.
You worshipped Gozag.
Gozag was aware of your devotion.
You visited 1 branch You collected 200 gold pieces.

Inventory:

Wands
 a - a wand of acid (5)
 h - a wand of iceblast (5)
Scrolls
 g - 4 scrolls of blinking
 i - 3 scrolls of fog
Potions
 c - 4 potions of heal wounds
 d - 4 potions of haste
 e - 2 potions of magic
 f - a potion of berserk rage
 j - a potion of resistance


   Skills:
 - Level 2.0 Dodging
 - Level 2.6 Stealth
 + Level 0.7 Unarmed Combat
 * Level 2.4 Spellcasting
 + Level 4.1 Conjurations


You had 3 spell levels left.
You knew the following spells:

 Your Spells              Type           Power        Failure   Level
a - Magic Dart            Conj           ###.         2%          1

Your spell library contained the following spells:

 Spells                   Type           Power        Failure   Level
 Searing Ray              Conj           ###...       4%          2
 Dazzling Flash           Conj/Hex       ##....       19%         3
 Fulminant Prism          Conj/Hex       ##........   54%         4
 Iskenderun's Mystic Bla  Conj/Tloc      ##......     54%         4


Dungeon Overview and Level Annotations

Branches:
Dungeon (1/1)

Altars:
Cheibriados
Dithmenos
Fedhas
Gozag
Kikubaaqudgha
Makhleb
Okawaru
Qazlal
Ru
Sif Muna
Trog
Uskayaw
Vehumet
Wu Jian
Xom
Yredelemnul
The Shining One
Beogh
Lugonu

Shops:
D ?*?*:[((!!!!


Innate Abilities, Weirdness & Mutations

You cannot wear most types of armour.
You are very stealthy in the water. (Stealth+)
You are amphibious.
You can wear up to eight rings at the same time.
You can use your tentacles to constrict eight enemies at once.
Your skin changes colour to match your surroundings (Stealth+).
Your rubbery body absorbs attacks. (AC +1, EV +1)


Message History

Aiming: Magic Dart (safe; 2% risk of failure)
Press: ? - help, Shift-Dir - straight line, f/p - hobgoblin
Aim: a hobgoblin, wielding a +0 club (moderately wounded)
The magic dart hits the hobgoblin but does no damage.
The hobgoblin is moderately wounded.
The hobgoblin closely misses you.
A goblin comes into view. It is wielding a +0 club.
The kobold hits you but does no damage.
The goblin shouts!
You see here a stone. 20...
You see here a stone. 15...
The kobold shouts!
The big kobold shouts!
The kobold hits you.
* * * LOW HITPOINT WARNING * * *
10...
The kobold hits you.
You die...
Your body crumbles into a pile of gold.

......8.# #.8........∩###
........###.............#
.....###...###..........⌠
..... #.<.# #..........⌠
.....###g.g###..........⌠
........###.............#
......8.# #.8........∩###
._......###......_._∩##
###.8...@.g...8.######
#⌠....K......⌠#
###.........###
#_......._# #_$......_#
#_......._# #∩.......∩#
##∩.....∩## ##.....##


You could see a hobgoblin and a kobold.

Vanquished Creatures
  A goblin (D)
1 creature vanquished.

Notes
Turn   | Place    | Note
-------+----------+-------------------------------------------
     0 | D        | sahdkjhfkaj the Octopode Conjurer began the quest for the
                  | Orb.
     0 | D        | Reached XP level 1. HP: 11/11 MP: 3/3
     1 | D        | Found a stormy altar of Qazlal.
     1 | D        | Found a shimmering blue altar of Sif Muna.
     2 | D        | Found a sacrificial altar of Ru.
     2 | D        | Found a basalt altar of Yredelemnul.
     3 | D        | Found a corrupted altar of Lugonu.
     3 | D        | Found a blossoming altar of Fedhas.
     4 | D        | Found an iron altar of Okawaru.
     4 | D        | Found a shimmering altar of Xom.
     4 | D        | Found Foerehaf's Magic Scroll Shop.
     4 | D        | Found Vyiveipt's Staff Store.
     5 | D        | Found Aforit's Magic Scroll Shop.
     5 | D        | Found Hisin's Must-Have Magic.
     5 | D        | Round 1.
     8 | D        | Found a glowing golden altar of the Shining One.
     9 | D        | Found an ornate altar of the Wu Jian Council.
    10 | D        | Found Deffeume's Distillery.
    10 | D        | Found a shadowy altar of Dithmenos.
    10 | D        | Found a radiant altar of Vehumet.
    10 | D        | Found Qybran's Do-It-Yourself Clinic.
    11 | D        | Found Quattah's Distillery.
    11 | D        | Found Xitez's Bottled Wisdom.
    15 | D        | Found an ancient bone altar of Kikubaaqudgha.
    16 | D        | Found a snail-covered altar of Cheibriados.
    17 | D        | Found a bloodstained altar of Trog.
    18 | D        | Found Ycagironawk's Weapon Rack.
    20 | D        | Found a roughly hewn altar of Beogh.
    20 | D        | Found an opulent altar of Gozag.
    20 | D        | Found a hide-covered altar of Uskayaw.
    20 | D        | Found Byrhe's Premium Goods.
    20 | D        | Found Fiuho's Basic Armour.
    20 | D        | Found Farekk's Miscellaneous Merchandise.
    25 | D        | Found a burning altar of Makhleb.
    39 | D        | Became a worshipper of Gozag Ym Sagoz the Greedy
    83 | D        | Noticed a big kobold
   116 | D        | Slain by a kobold

Illustrated notes

Levels and vault maps discovered:
D:        arena_sprint

Action                   || total
-------------------------++-------
 Cast: Magic Dart        ||     6
  Use: Potion            ||     1
Armor: Skin              ||     1
Dodge: Dodged            ||     8

Table legend: (Time is in decaauts)
 A = Elapsed time spent in this place.
 B = Non-inter-level travel time spent in this place.
 C = Inter-level travel time spent in this place.
 D = Time resting spent in this place.
 E = Time spent auto-exploring this place.
 F = Levels seen in this place.
 G = Mean time per level.
                   A        B        C        D        E       F      G
               +--------+--------+--------+--------+--------+-----+--------+
         Total |    116 |    116 |      0 |      0 |      0 |   1 |  116.0 |
       Dungeon |    116 |    116 |      0 |      0 |      0 |   1 |  116.0 |
               +--------+--------+--------+--------+--------+-----+--------+

Top non-repeatable levels by time:
       D: 116 daAuts
